 Dungeon Crawl Stone Soup version 0.31-a0-1606-g60c5cc7444 (webtiles) character file.

Game seed: 13072173522367588478

157 Graywind the Ruffian (level 5, 0/45 HPs)
             Began as a Draconian Monk on Jan 8, 2024.
             Was a Believer of Wu Jian.
             Slain by an orc
             ... wielding a +0 flail
              (6 damage)
             ... on level 4 of the Dungeon.
             The game lasted 00:12:19 (1239 turns).

Graywind the Ruffian (Draconian Monk)               Turns: 1239, Time: 00:12:21

Health: 0/45       AC:  5    Str: 15    XL:     5   Next: 15%
Magic:  5/5        EV: 13    Int: 11    God:    Wu Jian [**....]
Gold:   126        SH:  0    Dex: 13    Spells: 4/4 levels left

rFire   . .          .
                       - Unarmed
rCold   . . .        b - orb {light}
rNeg    + . .        (body armour unavailable)
rPois   +            (helmet restricted)
rElec   .            (no cloak)
rCorr   .            (no gloves)
SInv    .            (no boots)
Will    .....        f - amulet of regeneration
Stlth   +            c - ring of positive energy
HPRegen 1.07/turn    (no ring)
MPRegen 0.09/turn

%: clarity
@: confused, mighty, glowing
A: AC +5, unfitting armour, cold-blooded, clarity, poison resistance
a: Renounce Religion, Wall Jump


You were on level 4 of the Dungeon.
You worshipped Wu Jian.
Wu Jian was pleased with you.
You visited 1 branch of the dungeon, and saw 4 of its levels.

You collected 126 gold pieces.

Inventory:

Armour
 b - an orb of light (worn)
Jewellery
 c - a ring of positive energy (left hand)
 f - an amulet of regeneration (around neck)


   Skills:
 + Level 3.6 Fighting
 + Level 3.3 Dodging
 + Level 0.1 Stealth
 + Level 5.2 Unarmed Combat


You had 4 spell levels left.
You didn't know any spells.
Your spell library was empty.

Dungeon Overview and Level Annotations

Branches:
Dungeon (4/15)
 Temple: D:4-7

Altars:
Wu Jian

Annotations:
D:1 2 transporters, Terence


Innate Abilities, Weirdness & Mutations

Your plain brown scales are hard. (AC +5)
You cannot fit into any form of body armour.
You are cold-blooded and may be slowed by cold attacks.
You possess an exceptional clarity of mind.
Your system is resistant to poisons. (rPois)


Message History

The orc wizard casts a spell at you.
You are confused.
The orc misses you.
The orc priest mumbles some strange prayers to Beogh against you.
Pain shoots through your body!
Unknown command.
Unknown command.
Unknown command.
Unknown command.
You feel very mighty all of a sudden. The orc closely misses you.
The orc wizard mumbles some strange words.
The orc wizard flickers and vanishes for a moment.
The orc priest closely misses you. The orc hits you with a +0 flail.
* * * LOW HITPOINT WARNING * * *
The orc attacks as it pursues you! The orc closely misses you.
The orc priest looks satisfied for a moment.
The orc hits you with a +0 flail.
* * * LOW HITPOINT WARNING * * *
Okay, then.
It was a potion of mutation.
You feel extremely strange.
You feel resistant to poisons.
Your thoughts seem clearer.
The orc wizard hits you but does no damage.
The orc hits you with a +0 flail.
* * * LOW HITPOINT WARNING * * *
The orc misses you.
It was a potion of magic.
Magic courses through your body. The orc wizard misses you.
The orc hits you but does no damage.
You can't go up here!
You barely miss the orc wizard.
The orc wizard is lightly wounded.
The orc wizard closely misses you. The orc closely misses you.
The orc misses you.
You punch the orc priest!
You kill the orc priest!
The Council accepts your kill.
The orc wizard hits you with a +0 dagger.
* * * LOW HITPOINT WARNING * * *
The orc hits you with a +0 flail.
You die...

...>..# .#
...... ... #
....####..#
..####.........#
.....#.........#
..........!...#
#............
#.So.....#
#o@o####.#
#.........#
...#.......# #
#.........
.............
#.#............
#..............
..#............


You could see an orc wizard (invisible), an adder and 2 orcs.

Vanquished Creatures
  An orc priest (D:4)
  7 gnolls (D:3)
  3 adders (D:3)
  4 ribbon worms (D:2)
  2 orcs (D:3)
  5 ball pythons
  2 endoplasms (D:3)
  A giant cockroach (D:2)
  4 goblins (D:3)
  6 hobgoblins
  A jackal (D:2)
  2 quokkas (D:1)
  3 bats
  2 frilled lizards
  7 kobolds
  7 rats
57 creatures vanquished.

Notes
Turn   | Place    | Note
-------+----------+-------------------------------------------
     0 | D:1      | Graywind the Draconian Monk began the quest for the Orb.
     0 | D:1      | Reached XP level 1. HP: 19/19 MP: 1/1
   106 | D:1      | You fall into a shaft and drop 1 floor!
   108 | D:2      | Identified the +1 robe of the Thistle {rElec rF+ rN+ Will-}
   175 | D:2      | Found an ornate altar of the Wu Jian Council.
   196 | D:2      | Noticed Terence
   331 | D:1      | Reached XP level 2. HP: 7/26 MP: 2/2
   618 | D:2      | Reached XP level 3. HP: 22/31 MP: 3/3
   744 | D:2      | Reached skill level 4 in Unarmed Combat
   779 | D:2      | Became a worshipper of the Wu Jian Council
   779 | D:2      | Reached * piety under Wu Jian
   779 | D:2      | Reached ** piety under Wu Jian
   889 | D:3      | Reached XP level 4. HP: 30/39 MP: 4/4
  1058 | D:3      | Reached skill level 5 in Unarmed Combat
  1106 | D:3      | Reached XP level 5. HP: 37/45 MP: 5/5
  1236 | D:4      | Gained mutation: Your system is resistant to poisons.
                  | (rPois) [potion of mutation]
  1236 | D:4      | Gained mutation: You possess an exceptional clarity of
                  | mind. [potion of mutation]
  1239 | D:4      | Slain by an orc

Illustrated notes

Levels and vault maps discovered:
D:1:      spicycebolla_arrival_transporter_tutorial, layout_loops_ring,
          minmay_misc_feat_five, minmay_distorted
D:2:      layout_loops_cross, basic_altar, grunt_ministairs_15, uniq_terence
D:3:      minmay_razor_zed, layout_basic
D:4:      layout_rooms, mainiacjoe_overflow_brackets, serial_aquarium,
          aquarium_bridge_island_small [aquarium_subvault_small_open,
          aquarium_subvault_balcony, aquarium_subvault_balcony,
          aquarium_subvault_bridge, aquarium_subvault_bridge],
          aquarium_bridge_straight [aquarium_subvault_bridge,
          aquarium_subvault_wall, aquarium_subvault_bridge,
          aquarium_subvault_wall], aquarium_window_fake,
          aquarium_window_corridor_1, aquarium_window_fake, aquarium_view_2e

Skill      XL: |  1  2  3  4 |
---------------+-------------+-----
Unarmed Combat | 4 5 |  5.2
Dodging        | 3 |  3.3
Fighting       | |  3.6
Stealth        | |  0.1

Action                     |  1- 3 |  4- 6 || total
---------------------------+-------+-------++-------
  Melee: Unarmed           |   117 |    79 ||   196
         Tailslap          |    14 |    17 ||    31
Ability: Whirlwind         |     3 |     1 ||     4
         Lunge             |     1 |     6 ||     7
    Use: Scroll            |     4 |     1 ||     5
         Potion            |     1 |     3 ||     4
 Armour: Skin              |    74 |    36 ||   110
  Dodge: Dodged            |    94 |    49 ||   143

Table legend: (Time is in decaauts)
 A = Elapsed time spent in this place.
 B = Non-inter-level travel time spent in this place.
 C = Inter-level travel time spent in this place.
 D = Time resting spent in this place.
 E = Time spent auto-exploring this place.
 F = Levels seen in this place.
 G = Mean time per level.
                   A        B        C        D        E       F      G
               +--------+--------+--------+--------+--------+-----+--------+
         Total |   1224 |   1224 |      0 |      2 |      0 |   4 |  306.0 |
       Dungeon |   1224 |   1224 |      0 |      2 |      0 |   4 |  306.0 |
               +--------+--------+--------+--------+--------+-----+--------+

Top non-repeatable levels by time:
     D:2: 611 daAuts
     D:3: 422 daAuts
     D:1: 175 daAuts
     D:4: 14 daAuts
